 Dungeon Sprint DCSS version 0.28.0-43-g3370ac3207 (webtiles) character file.

Game seed: 15285639955148004611

386 boopmooplesden the Cleaver (level 6, -3/67 HPs)
             Began as a Minotaur Berserker on Mar 9, 2022.
             Was a Priest of Trog.
             Slain by a wyvern (12 damage)
             ... in the Dungeon (Sprint II: "The Violet Keep of Menkaure").
             The game lasted 00:00:35 (301 turns).

boopmooplesden the Cleaver (Minotaur Berserker)      Turns: 301, Time: 00:00:36

Health: -3/67      AC:  2    Str: 21    XL:     6   Next: 48%
Magic:  5/5        EV: 13    Int:  4    God:    Trog [***...]
Gold:   486        SH:  0    Dex: 12    Spells: 5/5 levels left

rFire   . . .      SeeInvis .   a - +0 hand axe
rCold   . . .      Faith    .   (no shield)
rNeg    . . .      Spirit   .   b - +0 animal skin
rPois   .          Reflect  .   (helmet restricted)
rElec   .          Harm     .   (no cloak)
rCorr   .          Rampage  .   (no gloves)
Will    .....      NoTele   +   (no boots)
Stlth   +.........              (no amulet)
HPRegen 0.21/turn               (no ring)
MPRegen 0.09/turn               (no ring)

@: on berserk cooldown
A: horns 2, retaliatory headbutt
a: Renounce Religion, Berserk, Trog's Hand


You were in the Dungeon.
You worshipped Trog.
Trog was most pleased with you.
You visited 1 branch You collected 486 gold pieces.

Inventory:

Hand Weapons
 a - a +0 hand axe (weapon)
Armour
 b - a +0 animal skin (worn)
Scrolls
 h - a scroll of blinking
Potions
 c - a potion of curing
 d - a potion of heal wounds
 e - a potion of haste
 f - 2 potions of magic
 g - a potion of berserk rage


   Skills:
 + Level 10.8 Fighting
 + Level 11.6 Axes
 + Level 5.4 Armour
 + Level 5.3 Dodging
 + Level 0.8 Stealth


You had 5 spell levels left.
You didn't know any spells.
Your spell library was empty.

Dungeon Overview and Level Annotations

Branches:
Dungeon (1/1)

Altars:


Innate Abilities, Weirdness & Mutations

You have a pair of horns on your head.
You reflexively headbutt those who attack you in melee.


Message History

The wyvern hisses angrily.
You closely miss the wyvern. The wyvern bites you.
You hit the wyvern. You headbutt the wyvern.
The wyvern is moderately wounded.
The wyvern hisses angrily.
The wyvern bites you!
You hit the wyvern. Your headbutt misses the wyvern.
The wyvern is heavily wounded.
The wyvern barely misses you.
You hit the wyvern.
The wyvern is severely wounded.
The wyvern misses you.
You closely miss the wyvern.
The wyvern is severely wounded.
The walls and floor vibrate strangely for a moment.
The wyvern barely misses you. You furiously retaliate!
You headbutt the wyvern!
You kill the wyvern!
Trog accepts your kill.
Your Fighting skill increases to level 10!
Your Axes skill increases to level 11!
Your Armour skill increases to level 5!
Your Dodging skill increases to level 5!
You have reached level 6!
You hit the wyvern but do no damage. You headbutt the wyvern.
The wyvern is lightly wounded.
The wyvern bites you!
You hit the wyvern. Your headbutt misses the wyvern.
The wyvern is moderately wounded.
The wyvern bites you. The wyvern bites you!
You hit the wyvern.
You headbutt the wyvern, but do no damage.
The wyvern is moderately wounded.
The wyvern bites you!
* * * LOW HITPOINT WARNING * * *
You slash the wyvern!
The wyvern is severely wounded.
The wyvern completely misses you.
You barely miss the wyvern.
The wyvern is severely wounded.
The wyvern bites you!
You die...

##+#
##..###
#..##.#
####.#.# #
#.###'# .#
##..##.##$#
+.##†.<@l#
##.†##.##.#
#.###+# .#
### #


You could see a wyvern.

Vanquished Creatures
  A wyvern (D)
  4 scorpions (D)
  3 worms (D)
8 creatures vanquished.

Notes
Turn   | Place    | Note
-------+----------+-------------------------------------------
     0 | D        | boopmooplesden the Minotaur Berserker began the quest for
                  | the Orb.
     0 | D        | Reached XP level 1. HP: 19/19 MP: 0/0
     8 | D        | Reached skill level 4 in Axes
    15 | D        | Reached ** piety under Trog
    16 | D        | Reached XP level 2. HP: 10/28 MP: 1/1
   238 | D        | Noticed a wyvern
   238 | D        | Noticed a wyvern
   242 | D        | Noticed a scorpion
   242 | D        | Noticed a scorpion
   242 | D        | Noticed a scorpion
   242 | D        | Noticed a scorpion
   246 | D        | Killed a scorpion
   247 | D        | Reached skill level 6 in Axes
   247 | D        | Reached XP level 3. HP: 38/38 MP: 2/2
   247 | D        | Killed a scorpion
   248 | D        | Reached skill level 8 in Axes
   248 | D        | Reached XP level 4. HP: 48/48 MP: 3/3
   249 | D        | Killed a scorpion
   250 | D        | Reached skill level 9 in Axes
   250 | D        | Reached XP level 5. HP: 56/56 MP: 4/4
   254 | D        | Reached *** piety under Trog
   255 | D        | Reached skill level 10 in Axes
   296 | D        | Killed a wyvern
   297 | D        | Reached skill level 10 in Fighting
   297 | D        | Reached skill level 11 in Axes
   297 | D        | Reached skill level 5 in Armour
   297 | D        | Reached skill level 5 in Dodging
   297 | D        | Reached XP level 6. HP: 48/67 MP: 5/5
   301 | D        | Slain by a wyvern

Illustrated notes

Levels and vault maps discovered:
D:        the_violet_keep_of_menkaure [sprint2_stairs_cluster_1,
          sprint2_shoproom, sprint2_temple, sprint2_basic_supplies,
          sprint2_obstacle_3, sprint2_obstacle_7, sprint2_obstacle_2,
          sprint2_obstacle_6, sprint2_obstacle_1, sprint2_timed_cluster_1,
          sprint2_smallroom_cluster_1, sprint2_smallroom_final_cluster_1,
          sprint2_transparent_cluster_1, sprint2_second_timed_cluster_1,
          sprint2_sniper_area_1, sprint2_heavy_combat_area_1,
          sprint2_mutation_trap_area_1, sprint2_forest_area_1,
          sprint2_light_combat_area_1, sprint2_behind_water_1,
          sprint2_near_end_vault_1]

Skill      XL: |  1  2  3  4  5 |
---------------+----------------+-----
Fighting       | 4 6 8 10 | 10.8
Axes           | 4 6 8 9 11 | 11.6
Armour         | 3 4 5 |  5.4
Dodging        | 3 4 5 |  5.3
Stealth        | |  0.8

Action                   |  1- 3 |  4- 6 || total
-------------------------+-------+-------++-------
Melee: Hand axe          |    11 |    16 ||    27
       Headbutt          |     2 |     3 ||     5
Invok: Berserk           |     2 |       ||     2
Armor: Animal skin       |     1 |       ||     1
Dodge: Dodged            |     1 |     6 ||     7
